 Dungeon Crawl Stone Soup version 0.19.1-1-g22dce08 (webtiles) character file.

15958 Lahna the Cleaver (level 12, -9/107 HPs)
             Began as a Minotaur Berserker on Jan 17, 2017.
             Was a High Priest of Trog.
             Mangled by an orc warrior
             ... wielding a +3 dire flail
             ... led by an orc knight
              (29 damage)
             ... on level 1 of the Orcish Mines.
             The game lasted 00:34:36 (11578 turns).

Lahna the Cleaver (Minotaur Berserker)             Turns: 11578, Time: 00:34:37

Health: -9/107     AC: 23    Str: 24    XL:     12   Next: 5%
Magic:  11/11      EV: 10    Int:  4    God:    Trog [*****.]
Gold:   865        SH:  3    Dex: 13    Spells: 0 memorised, 11 levels left

rFire  . . .     SeeInvis .     G - +7 war axe "Glorpo" {chop, rElec rPois Stlth+}
rCold  . . .     Gourm    .     v - +1 plate armour (curse)
rNeg   + . .     Faith    .     Z - +0 buckler {AC+3}
rPois  +         Spirit   .     (helmet restricted)
rElec  +         Reflect  .     P - +1 cloak {rPois}
rCorr  .         Harm     .     (no gloves)
MR     .....                    a - +0 pair of boots
Stlth  ..........               (no amulet)
                                q - ring of positive energy
                                o - ring of loudness (curse)

@: no status effects
A: retaliatory headbutt, horns 2
a: Berserk, Trog's Hand, Brothers in Arms, Burn Spellbooks, Renounce Religion


You were on level 1 of the Orcish Mines.
You worshipped Trog.
Trog was extremely pleased with you.
You were hungry.

You visited 2 branches of the dungeon, and saw 12 of its levels.
You also visited: Bailey.

You collected 865 gold pieces.

Inventory:

Hand Weapons
 B - the +1 hand axe "Tunemm" {pain, rC++}
   (You found it in a bailey)

   In the hands of one skilled in necromantic magic, it inflicts extra damage on
   living creatures.
   It greatly protects you from cold.
 G - the +7 war axe "Glorpo" (weapon) {chop, rElec rPois Stlth+}
   (You found it on level 6 of the Dungeon)

   It inflicts extra damage upon your enemies.
   It insulates you from electricity.
   It protects you from poison.
   It makes you more stealthy.
 M - a +1 battleaxe of flaming
 X - a +1 antimagic battleaxe
Missiles
 N - 6 silver javelins (quivered)
Armour
 a - a +0 pair of boots (worn)
 m - the +8 orange crystal plate armour {Archmagi, Int+3 Clar}
   (You acquired it on level 9 of the Dungeon)

   It affects your intelligence (+3).
   It protects you against confusion.
 v - a cursed +1 plate armour (worn)
 D - a +0 leather armour of positive energy
 O - a cursed +0 plate armour
 P - a +1 cloak of poison resistance (worn)
 Q - the +2 robe of Tempters {rC- Str+2 Stlth+, unknown}
   (You found it on level 9 of the Dungeon)

   It affects your strength (+2).
   It makes you vulnerable to cold.
   It makes you more stealthy.
 R - a cursed +0 scale mail
 Z - a +0 buckler of protection (worn)
Jewellery
 o - a cursed ring of loudness (left hand)
 q - a ring of positive energy (right hand)
 u - an uncursed ring of poison resistance
 y - an uncursed ring of resist corrosion
 F - an uncursed ring of protection from magic
Wands
 H - a wand of iceblast (15/15)
 S - a wand of flame (26/48)
 W - a wand of digging (9/24)
Scrolls
 h - 5 scrolls of teleportation
 j - 7 scrolls of magic mapping
 k - 2 scrolls of fear
 r - 7 scrolls of enchant armour
 K - 2 scrolls of recharging
 L - 2 scrolls of blinking
 T - 2 scrolls of identify
Potions
 b - a potion of cancellation {unknown}
 e - 2 potions of agility {unknown}
 f - a potion of mutation {unknown}
 l - 4 potions of curing
 p - a potion of beneficial mutation {unknown}
 s - 3 potions of brilliance {unknown}
 t - a potion of magic {unknown}
 w - 3 potions of flight
 x - 3 potions of invisibility
 z - 3 potions of might {unknown}
 A - 4 potions of ambrosia
 C - 2 potions of degeneration {unknown}
 E - a potion of heal wounds {unknown}
 I - a potion of berserk rage {unknown}
Comestibles
 c - 7 bread rations
 d - 5 meat rations
 i - 9 royal jellies
 n - 5 slices of pizza
 J - 4 beef jerkies
 V - a fruit


   Skills:
 - Level 10.5 Fighting
 - Level 13.4(14.3) Axes
   Level 9.0(12.2) Maces & Flails
 + Level 12.6 Armour
 - Level 6.3 Dodging
 + Level 0.1 Evocations


You had 11 spell levels left.
You didn't know any spells.

Dungeon Overview and Level Annotations

Branches:
Dungeon (11/15)            Temple (0/1) D:4            Lair (0/6) D:10
    Orc (1/2) D:9

Altars:
Cheibriados
Dithmenos
Fedhas
Gozag
Makhleb
Ru
Sif Muna
Trog
Uskayaw
Yredelemnul
The Shining One
Beogh


Innate Abilities, Weirdness & Mutations

You reflexively headbutt those who attack you in melee.
You have a pair of horns on your head.


Message History

You kill the orc!
Trog accepts your kill.
Found a stone staircase leading down.
An orc warrior and an orc priest come into view.
The orc warrior is wielding a war axe of electrocution.
Things that are here:
a dagger; a robe; an orc corpse The orc warrior hits you but does no damage.
Your ogre goes berserk!
You are feeling hungry.
The orc knight roars a battlecry!
The orc priest goes into a battle-frenzy!
The orc warrior hits you with an enchanted dire flail!!
* * * LOW HITPOINT WARNING * * *
You hear a shout! x3
You feel better.
The orc knight roars a battlecry!
The orc warrior closely misses you.
The orc warrior hits you with an enchanted dire flail!!
You die...

....... ....#..
#.oo.o ###.o..
......o .....oo
## .....oh## ..#
......oo## #.#
.....#.#@##..##
..............#
.>......$.O..##
.............##
.......#.....##
..............##
...............#
##.........#.#.##
.......#...####
###


You could see an orc knight, a warg, 4 orc warriors, an orc priest, 2 orcs and a
friendly ogre (berserk).

Vanquished Creatures
  An orc high priest (Orc:1)
  2 hill giants
  2 orc knights (Bailey)
  2 cyclopes (Orc:1)
  2 orc sorcerers
  Joseph (D:9)
  A gargoyle (D:9)
  Psyche (D:9)
  A kobold demonologist (Bailey)
  A komodo dragon (D:10)
  2 trolls
  A two-headed ogre (D:8)
  A queen bee (D:9)
  4 hippogriffs
  3 wraiths
  4 yaks (D:11)
  A vampire (D:9)
  A steam dragon (D:10)
  Menkaure (D:4)
  2 hungry ghosts
  A warg (Orc:1)
  Duvessa (D:5)
  14 orc warriors
  3 phantoms
  7 ice beasts
  2 necrophages (D:11)
  An eye of draining (D:3)
  7 ogres
  A crocodile (D:8)
  6 centaurs
  A big kobold (D:7)
  6 bullfrogs
  A gnoll sergeant (D:9)
  Dowan (D:5)
  A wyvern skeleton (D:11)
  A water moccasin skeleton (D:5)
  4 scorpions
  17 killer bees
  3 wights (D:11)
  3 howler monkeys
  3 electric eels (Bailey)
  4 crimson imps
  A bullfrog zombie (D:5)
  3 bullfrog skeletons
  5 orc priests
  9 hounds
  2 jellies
  5 iguanas
  9 orc wizards
  6 worker ants
  A hound zombie (D:9)
  2 hound skeletons (D:6)
  2 mummies (D:11)
  A worker ant zombie (D:11)
  10 gnolls
  A howler monkey skeleton (D:5)
  6 adders
  3 oozes
  An adder zombie (D:7)
  2 adder skeletons
  A worm (D:3)
  2 dart slugs (D:1)
  3 leopard geckos
  33 orcs
  7 bats
  5 giant cockroaches
  13 goblins
  9 hobgoblins
  13 jackals
  7 quokkas
  A ball python (D:2)
  7 frilled lizards
  A jackal skeleton (D:8)
  13 kobolds
  A leopard gecko skeleton (D:5)
  A rat (D:3)
308 creatures vanquished.

Vanquished Creatures (others)
  2 plants (D:10)
2 creatures vanquished.

Grand Total: 310 creatures vanquished

Notes
Turn   | Place    | Note
-------+----------+-------------------------------------------
     0 | D:1      | Lahna the Minotaur Berserker began the quest for the Orb.
     0 | D:1      | Reached XP level 1. HP: 19/19 MP: 0/0
   260 | D:1      | Reached XP level 2. HP: 14/26 MP: 1/1
   794 | D:2      | Reached skill level 5 in Maces & Flails
   898 | D:2      | Found a burning altar of Makhleb.
   917 | D:2      | Reached XP level 3. HP: 16/31 MP: 2/2
  1790 | D:3      | Reached ** piety under Trog
  2030 | D:3      | Found a bloodstained altar of Trog.
  2031 | D:3      | Noticed an eye of draining
  2035 | D:3      | Reached XP level 4. HP: 35/39 MP: 0/3
  2047 | D:3      | Killed an eye of draining
  2047 | D:3      | Reached XP level 5. HP: 43/45 MP: 0/4
  2344 | D:4      | Noticed Menkaure
  2352 | D:4      | Killed Menkaure
  2352 | D:4      | Reached skill level 5 in Fighting
  2352 | D:4      | Reached XP level 6. HP: 15/57 MP: 5/5
  2611 | D:4      | Noticed an ice beast
  2616 | D:4      | Killed an ice beast
  3027 | D:4      | Found a staircase to the Ecumenical Temple.
  3072 | D:4      | Found a basalt altar of Yredelemnul.
  3122 | D:5      | Entered Level 5 of the Dungeon
  3122 | D:5      | Noticed Duvessa
  3124 | D:5      | Noticed Dowan
  3137 | D:5      | Killed Duvessa
  3137 | D:5      | Reached XP level 7. HP: 45/67 MP: 6/6
  3144 | D:5      | Killed Dowan
  3728 | D:5      | Reached *** piety under Trog
  3761 | D:5      | Found a snail-covered altar of Cheibriados.
  3829 | D:5      | Reached skill level 5 in Armour
  4104 | D:6      | Reached XP level 8. HP: 72/74 MP: 7/7
  4719 | D:6      | Got a jewelled war axe
  4720 | D:6      | Identified the +7 war axe "Glorpo" {chop, rElec rPois Stlth+} (You found it on level 6 of the Dungeon)
  5060 | D:6      | Reached skill level 1 in Axes
  5297 | D:7      | Reached skill level 2 in Axes
  5328 | D:7      | Noticed a hippogriff
  5334 | D:7      | Killed a hippogriff
  5334 | D:7      | Reached skill level 3 in Axes
  5385 | D:7      | Reached XP level 9. HP: 32/82 MP: 8/8
  5567 | D:7      | Reached skill level 4 in Axes
  5577 | D:7      | Found a blossoming altar of Fedhas.
  5577 | D:7      | Found a deep blue altar of Sif Muna.
  5663 | D:7      | Reached skill level 5 in Axes
  5888 | D:7      | Reached skill level 6 in Axes
  5892 | D:7      | Found a shadowy altar of Dithmenos.
  5894 | D:7      | Found a hide-covered altar of Uskayaw.
  5894 | D:7      | Found an opulent altar of Gozag.
  5895 | D:7      | Found a sacrificial altar of Ru.
  6069 | D:8      | Reached **** piety under Trog
  6078 | D:8      | Reached skill level 7 in Axes
  6087 | D:8      | Reached skill level 8 in Axes
  6590 | D:8      | Reached skill level 9 in Axes
  6917 | D:9      | Reached skill level 10 in Axes
  6922 | D:9      | Noticed Joseph
  6934 | D:9      | Killed Joseph
  6934 | D:9      | Reached XP level 10. HP: 48/89 MP: 9/9
  7054 | D:9      | Reached skill level 11 in Axes
  7168 | D:9      | Received a gift from Trog
  7185 | D:9      | Reached skill level 12 in Axes
  7188 | D:9      | Reached ***** piety under Trog
  7501 | D:9      | Found a glowing golden altar of the Shining One.
  7603 | D:9      | Got a heavy robe
  7613 | D:9      | Identified a scroll of acquirement
  7665 | D:9      | Noticed Psyche
  7670 | D:9      | Killed Psyche
  7670 | D:9      | Reached skill level 13 in Axes
  7705 | D:9      | Found a staircase to the Orcish Mines.
  7708 | D:9      | Noticed a gargoyle
  7714 | D:9      | Killed a gargoyle
  8304 | D:10     | Entered Level 10 of the Dungeon
  8361 | D:10     | Reached skill level 5 in Dodging
  8430 | D:10     | Found a flagged portal.
  8438 | Bailey   | Entered a bailey
  8477 | Bailey   | Found an iron altar of Okawaru.
  8477 | Bailey   | Noticed an orc sorcerer
  8478 | Bailey   | Paralysed by an orc sorcerer for 3 turns
  8479 | Bailey   | Noticed a sun demon
  8482 | Bailey   | Noticed a smoke demon
  8497 | Bailey   | Killed an orc sorcerer
  8501 | Bailey   | Reached XP level 11. HP: 69/95 MP: 10/10
  8631 | Bailey   | Noticed an orc knight
  8651 | Bailey   | Killed an orc knight
  8887 | Bailey   | Got a faintly glowing hand axe
  8895 | Bailey   | Identified the +1 hand axe "Tunemm" {pain, rC++} (You found it in a bailey)
  8935 | Bailey   | Noticed an orc knight
  8945 | Bailey   | Killed an orc knight
  9159 | Bailey   | Reached skill level 10 in Fighting
  9194 | Bailey   | Received a gift from Trog
  9626 | D:10     | Found a staircase to the Lair.
  9753 | D:10     | Noticed a hill giant
  9757 | D:10     | Killed a hill giant
  9890 | D:10     | You fall through a shaft!
  9922 | D:11     | Noticed a hill giant
  9930 | D:11     | Killed a hill giant
  9930 | D:11     | Reached skill level 10 in Armour
 10539 | D:11     | Received a gift from Trog
 10826 | Orc:1    | Entered Level 1 of the Orcish Mines
 11203 | Orc:1    | Found a roughly hewn altar of Beogh.
 11203 | Orc:1    | Noticed an orc high priest
 11482 | Orc:1    | Killed an orc high priest
 11491 | Orc:1    | Reached XP level 12. HP: 92/107 MP: 11/11
 11578 | Orc:1    | Mangled by an orc warrior

Skill      XL: |  1  2  3  4  5  6  7  8  9 10 11 |
---------------+----------------------------------+-----
Maces & Flails | 4 5 7 9 |  9.0
Fighting       | 5 7 8 10 | 10.5
Armour         | 5 7 12 | 12.6
Dodging        | 3 6 |  6.3
Axes           | 3 10 13 | 13.4
Evocations     | |  0.1

Action                   |  1- 3 |  4- 6 |  7- 9 | 10-12 || total
-------------------------+-------+-------+-------+-------++-------
Melee: Mace              |    79 |    71 |   155 |       ||   305
       Headbutt          |    15 |    12 |    47 |    75 ||   149
       War axe           |       |       |   114 |   349 ||   463
Invok: Berserk           |       |     1 |       |     1 ||     2
       Burn Spellbooks   |       |       |     1 |     2 ||     3
       Brothers in Arms  |       |       |       |     1 ||     1
  Use: Scroll            |       |     9 |     3 |     6 ||    18
       Potion            |       |       |       |     1 ||     1
  Eat: Chunk             |     3 |     5 |    13 |    17 ||    38
       Fruit             |       |       |       |     1 ||     1
Armor: Animal skin       |    28 |       |       |       ||    28
       Plate armour      |     1 |    53 |   198 |   141 ||   393
Dodge: Dodged            |    65 |    26 |   104 |   105 ||   300
Block: Buckler           |       |       |       |     2 ||     2
